 Dungeon Crawl Stone Soup version 0.19-a0-1058-g5566a1a (webtiles) character file.

198 Jmtri7 the Cutter (level 6, -1/37 HPs)
             Began as a Kobold Gladiator on Aug 2, 2016.
             Slain by a gnoll
             ... wielding a +0 spear
              (7 damage)
             ... on level 3 of the Dungeon.
             The game lasted 00:09:31 (3042 turns).

Jmtri7 the Cutter (Kobold Gladiator)                Turns: 3042, Time: 00:09:32

Health: -1/37      AC:  4    Str: 13    XL:     6   Next: 5%
Magic:  6/6        EV: 16    Int:  6    God:
Gold:   248        SH:  0    Dex: 19    Spells: 0 memorised, 5 levels left

rFire  . . .     SeeInvis .     a - +0 rapier
rCold  . . .     Gourm    .     b - +0 leather armour
rNeg   . . .     Faith    .     (shield restricted)
rPois  .         Spirit   .     q - +0 helmet
rElec  .         Dismiss  .     (no cloak)
rCorr  .         Reflect  .     (no gloves)
SustAt .         Harm     .     (no boots)
MR     +....                    (no amulet)
Stlth  +.........               (no ring)
                                x - ring of protection from magic

@: drained, somewhat resistant to hostile enchantments, very unstealthy
A: carnivore 3
a: no special abilities


You were on level 3 of the Dungeon.
You were completely stuffed.

You visited 1 branch of the dungeon, and saw 4 of its levels.

You collected 248 gold pieces.

Inventory:

Hand Weapons
 a - a +0 rapier (weapon)
Missiles
 d - 3 throwing nets (quivered)
Armour
 b - a +0 leather armour (worn)
 q - a +0 helmet (worn)
Jewellery
 x - a ring of protection from magic (left hand)
Scrolls
 e - 5 scrolls of identify {unknown}
 g - 3 scrolls of teleportation {unknown}
 i - 4 scrolls of remove curse {unknown}
 j - 2 scrolls of immolation {unknown}
 m - a scroll of random uselessness {unknown}
 n - a scroll of enchant weapon {unknown}
 o - 3 scrolls of noise {unknown}
 u - 2 scrolls of fear {unknown}
 v - a scroll of blinking {unknown}
 w - 2 scrolls of enchant armour {unknown}
 y - a scroll of recharging {unknown}
Potions
 h - 3 potions of curing {unknown}
 k - a potion of resistance {unknown}
 l - a potion of magic {unknown}
 p - 2 potions of lignification {unknown}
 r - a potion of agility {unknown}
 s - a potion of might {unknown}
 t - a potion of flight {unknown}
Comestibles
 c - 6 chunks of flesh
 f - 3 meat rations


   Skills:
 - Level 3.5(3.0) Fighting
 + Level 7.5(7.0) Short Blades
 - Level 2.1(1.7) Throwing
 - Level 3.6(3.1) Dodging


You had 5 spell levels left.
You didn't know any spells.

Dungeon Overview and Level Annotations

Branches:
Dungeon (4/15)
 Temple: D:4-7

Altars:
Pakellas


Innate Abilities, Weirdness & Mutations

You are small and have problems with some larger weapons.
You are carnivorous and can eat meat at any time.


Message History

Unknown command.
You hit the gnoll.
The gnoll is moderately wounded.
The gnoll misses you.
You barely miss the gnoll.
The gnoll is moderately wounded.
The gnoll hits you with a halberd.
* * * LOW HITPOINT WARNING * * *
The gnoll hits you with a spear.
* * * LOW HITPOINT WARNING * * *
You closely miss the gnoll.
The gnoll is moderately wounded.
The gnoll completely misses you.
You puncture the gnoll!
The gnoll is severely wounded.
The gnoll completely misses you.
You barely miss the gnoll.
The gnoll is severely wounded.
The gnoll closely misses you. The gnoll hits you with a spear!
You die...

....)...# #................#
........####...#+##+#.......#
......#......###.##.#.......#
......#............(#.......#
......#.......##.####.......#
....###.............#.......#
#######..........##.#.......#
.....######+#.#)g...#########
................@g##.......#
.....#.........##.##.......#
.....#.........##.##.......#
####...........+..##.......#
...#...........#####.......#
...#.....###...............#
...#..............)........#
####.#.....................#
#.#.......#......###########


You could see 2 gnolls.

Vanquished Creatures
  2 orc wizards
  A gnoll (D:3)
  6 adders
  A worm (D:2)
  3 dart slugs
  2 giant geckos (D:3)
  5 orcs
  7 bats
  4 giant cockroaches
  6 goblins
  11 hobgoblins
  3 jackals (D:1)
  2 quokkas (D:3)
  2 giant newts (D:1)
  7 kobolds
  4 rats
66 creatures vanquished.

Notes
Turn   | Place    | Note
-------+----------+-------------------------------------------
     0 | D:1      | Jmtri7 the Kobold Gladiator began the quest for the Orb.
     0 | D:1      | Reached XP level 1. HP: 12/12 MP: 1/1
    26 | D:1      | Reached XP level 2. HP: 15/17 MP: 2/2
   173 | D:1      | Reached skill level 5 in Short Blades
   451 | D:1      | Reached XP level 3. HP: 19/21 MP: 3/3
   818 | D:2      | Found a faded altar of an unknown god.
   999 | D:2      | Found an oddly glowing altar of Pakellas.
  1125 | D:2      | Reached skill level 6 in Short Blades
  1133 | D:2      | Reached XP level 4. HP: 17/26 MP: 4/4
  1954 | D:3      | Reached XP level 5. HP: 26/32 MP: 5/5
  2588 | D:3      | Reached skill level 7 in Short Blades
  2993 | D:3      | Reached XP level 6. HP: 36/37 MP: 6/6
  3042 | D:3      | Slain by a gnoll

Vault maps used:
D:1:      dpeg_arrival_tiny_k
D:2:      kennysheep_six_static_rooms, grunt_pakellas_sulfur,
          ecumenical_altar_1, grunt_ministairs_1
D:3:      first_bread
D:4:      serial_shops, kennysheep_little_box, uniq_menkaure

Skill      XL: |  1  2  3  4  5 |
---------------+----------------+-----
Short Blades   | 5 6 7 |  7.5
Fighting       | 3 |  3.5
Throwing       | |  2.1
Dodging        | |  3.6

Action                   |  1- 3 |  4- 6 || total
-------------------------+-------+-------++-------
Melee: Rapier            |   105 |   161 ||   266
 Stab: Sleeping          |     1 |     1 ||     2
  Eat: Chunk             |     9 |     6 ||    15
Armor: Leather armour    |    27 |    24 ||    51
Dodge: Dodged            |   111 |   122 ||   233
